Avalanche vs Rangers
(R1)
Created - April 24, 2022 at 23:06
Goals
|
Avalanche |
0 |
0 |
3 |
3 |
Rangers |
1 |
0 |
1 |
2 |
|
Shots
|
Avalanche |
4 |
11 |
12 |
27 |
Rangers |
10 |
9 |
15 |
34 |
|
1st period
1. Rangers , Chris Bourque 11 (T.J Galiardi 8, Patrik Nemeth 14) at 15:16
Penalties :
Mattias Ekholm (Col) for Interference (Minor) at 2:13, Morgan Ellis (NyR) for Hooking (Minor) at 13:12, Colten Teubert (Col) for Delaying the game (Minor) at 15:29, Ilya Kovalchuk (Col) for Holding (Minor) at 17:55
2nd period
No Goal
Penalties :
Dmitry Kulikov (NyR) for Interference (Minor) at 1:53, Colten Teubert (Col) for Hooking (Minor) at 6:56, Martin Samuelsson (Col) for Hooking (Minor) at 16:01, Ryan Strome (NyR) for Hooking (Minor) at 16:07
3rd period
2. Avalanche , Luke Witkowski 13 (Martin Samuelsson 10, Colten Teubert 10) at 7:15
3. Avalanche , Charlie Coyle 13 (James Van Riemsdyk 12) at 9:01
4. Rangers , Chris Bourque 12 (Brett Ponich 6, Matt Delahey 11) at 12:24 (PP)
5. Avalanche , Bryan Little 28 (Mikkel Boedker 53) at 12:44
Penalties :
Dmitry Kulikov (NyR) for Roughing (Minor) at 5:07, Colten Teubert (Col) for High sticking (Minor) at 10:55
Goalie Stats
Semyon Varlamov (Col), 32 saves from 34 shots - (0.941), W, 9-6-4, 60:00 minutes
Frederik Andersen (NyR), 24 saves from 27 shots - (0.889), L, 20-19-2, 58:45 minutes
Players Stats for Avalanche
Player Name G A P +/- PIM S H SB GA TA FO MP PP MP PK MP
------------------------------------------------------------------------------------
Bryan Little 1 0 1 1 0 5 3 0 0 0 18/23 19:06 3:05 0:00
Charlie Coyle 1 0 1 1 0 3 0 1 0 0 9/22 21:11 2:58 6:04
Colten Teubert 0 1 1 0 6 1 0 1 0 0 0/0 17:16 2:39 2:07
Erik Karlsson 0 0 0 1 0 0 0 0 0 0 0/0 17:45 3:18 0:00
Evgeny Dadonov 0 0 0 1 0 1 1 0 0 0 0/2 13:14 2:52 0:00
Ilya Kovalchuk 0 0 0 1 2 1 1 0 0 1 0/0 19:40 3:11 0:00
Jack Johnson 0 0 0 1 0 2 0 3 1 1 0/0 25:55 3:24 5:16
James Van Riemsdyk 0 1 1 1 0 2 3 0 0 0 0/0 14:17 2:52 0:42
Joel Edmundson 0 0 0 1 0 0 1 1 0 0 0/0 15:44 0:00 3:21
Kyle Turris 0 0 0 0 0 0 2 0 2 0 2/5 10:05 0:00 2:49
Luke Witkowski 1 0 1 0 0 1 0 0 0 0 0/1 12:57 0:00 5:57
Marc Staal 0 0 0 1 0 0 2 0 0 0 0/0 22:49 0:06 5:16
Martin Samuelsson 0 1 1 0 2 0 0 0 1 0 0/0 10:59 0:06 2:49
Mattias Ekholm 0 0 0 0 2 1 1 2 1 0 0/0 20:45 2:39 3:02
Mikkel Boedker 0 1 1 1 0 4 1 0 3 0 3/5 19:06 3:05 0:00
Pavel Buchnevich 0 0 0 0 0 2 1 0 1 0 0/0 9:00 0:00 0:00
Tomas Fleischmann 0 0 0 0 0 1 0 0 0 0 0/0 9:00 0:00 0:00
Vincent Trocheck 0 0 0 0 0 3 0 0 0 0 6/12 9:41 0:00 0:41
Players Stats for Rangers
Player Name G A P +/- PIM S H SB GA TA FO MP PP MP PK MP
------------------------------------------------------------------------------------
Artem Anisimov 0 0 0 0 0 0 1 0 0 0 3/4 6:10 0:00 0:00
Brett Ponich 0 1 1 -1 0 2 1 0 0 2 0/0 22:10 3:45 2:43
Chris Bourque 2 0 2 1 0 8 2 1 0 0 1/2 17:16 4:32 1:08
Derrick Pouliot 0 0 0 -1 0 1 0 0 0 0 0/0 10:28 0:00 1:47
Devante Smith-Pelly 0 0 0 0 0 1 1 0 0 0 0/0 9:00 0:00 0:00
Dmitry Kulikov 0 0 0 -1 4 0 2 4 0 0 0/0 27:42 5:46 1:33
Magnus Paajarvi 0 0 0 0 0 0 0 0 0 0 0/0 6:10 0:00 0:00
Matt Delahey 0 1 1 -2 0 1 4 1 0 0 0/0 21:54 3:45 2:05
Milan Lucic 0 0 0 -2 0 3 4 1 0 0 4/9 24:13 4:59 3:10
Morgan Ellis 0 0 0 1 2 1 0 1 0 0 0/0 8:23 0:00 0:00
Patrice Bergeron 0 0 0 -1 0 1 1 1 0 1 7/11 19:44 4:32 1:45
Patrik Nemeth 0 1 1 0 0 2 3 0 0 2 0/0 29:47 5:46 3:58
Richard Panik 0 0 0 0 0 1 0 1 0 0 0/0 6:10 0:00 0:00
Ryan Strome 0 0 0 -2 2 2 3 0 0 2 1/3 20:23 4:58 0:00
Sean Couturier 0 0 0 -2 0 2 3 0 1 1 14/33 24:13 4:59 3:10
Steve Quailer 0 0 0 0 0 4 1 0 0 1 0/1 16:03 4:32 0:00
T.J Galiardi 0 1 1 1 0 3 0 0 0 0 0/1 9:53 0:00 1:08
Tomas Hertl 0 0 0 -1 0 2 0 0 1 0 2/6 12:21 0:00 1:45
3 Stars
1 - Chris Bourque (NyR)
2 - Bryan Little (Col)
3 - Semyon Varlamov (Col)
Power Play
Avalanche - 0 on 4 Attempt(s) - 0.00%
Rangers - 1 on 6 Attempt(s) - 16.67%
Penalty Kill
Avalanche - 5 on 6 Attempt(s) - 83.33%
- Score 0 goal in Penalty Kill
Rangers - 4 on 4 Attempt(s) - 100.00%
- Score 0 goal in Penalty Kill
Team Stat
Avalanche - Hits : 16 - Faceoff Wins : 38 - Blocked Shots : 8 - Penalty Minutes : 12
Rangers - Hits : 26 - Faceoff Wins : 32 - Blocked Shots : 10 - Penalty Minutes : 8
Official
Referees : TJ Luxmore and Chris Schlenker
Linesman : Jonny Murray and Andrew Smith
Game Notes
No Game Note
Finance
Level 1 -- Attendance: 6000 (100.00%) -- Ticket Income $600,000
Level 2 -- Attendance: 4586 (91.72%) -- Ticket Income $275,160
Level 3 -- Attendance: 2000 (100.00%) -- Ticket Income $70,000
Level 4 -- Attendance: 4000 (100.00%) -- Ticket Income $100,000
Luxury Box -- Attendance: 970 (97.00%) -- Ticket Income $194,000
Game was played at the Madison Square Garden.
Total Attendance: 17556 (97.53%)
Total Ticket Income: $1,239,160
Other Income: $185,874
Total Income: $1,425,034
Avalanche
5 vs 5 Forward
Center Left Wing Right Wing Time % Phy DF OF
1 Bryan Little Mikkel Boedker Ilya Kovalchuk 35 1 2 2
2 Charlie Coyle James Van Riemsdyk Evgeny Dadonov 30 1 2 2
3 Vincent Trocheck Tomas Fleischmann Pavel Buchnevich 20 1 2 2
4 Kyle Turris Martin Samuelsson Luke Witkowski 15 1 2 2
5 vs 5 Defense
Defense Defense Time % Phy DF OF
1 Jack Johnson Erik Karlsson 35 1 2 2
2 Mattias Ekholm Marc Staal 35 1 2 2
3 Colten Teubert Joel Edmundson 30 1 2 2
4 Jack Johnson Marc Staal 0 1 2 2
PowerPlay Forward
Center Left Wing Right Wing Time % Phy DF OF
1 Bryan Little Mikkel Boedker Ilya Kovalchuk 60 1 2 2
2 Charlie Coyle James Van Riemsdyk Evgeny Dadonov 40 1 2 2
PowerPlay Defense
Defense Defense Time % Phy DF OF
1 Jack Johnson Erik Karlsson 60 1 2 2
2 Colten Teubert Mattias Ekholm 40 1 2 2
Penalty Kill 4 Players Forward
Center Wing Time % Phy DF OF
1 Charlie Coyle Luke Witkowski 60 1 2 2
2 Kyle Turris Martin Samuelsson 40 1 2 2
Penalty Kill 4 Players Defense
Defense Defense Time % Phy DF OF
1 Jack Johnson Marc Staal 60 1 2 2
2 Colten Teubert Mattias Ekholm 40 1 2 2
Penalty Kill - 3 Players Forward
Forward Time % Phy DF OF
1 Mikkel Boedker 60 1 2 2
2 Bryan Little 40 1 2 2
Penalty Kill - 3 Players Defense
Defense Defense Time % Phy DF OF
1 Jack Johnson Marc Staal 60 1 2 2
2 Erik Karlsson Mattias Ekholm 40 1 2 2
4 vs 4 Forward
Center Wing Time % Phy DF OF
1 Mikkel Boedker Bryan Little 60 1 2 2
2 Ilya Kovalchuk Charlie Coyle 40 1 2 2
4 vs 4 Defense
Defense Defense Time % Phy DF OF
1 Jack Johnson Marc Staal 60 1 2 2
2 Erik Karlsson Mattias Ekholm 40 1 2 2
Last Minutes Offensive
Center Left Wing Right Wing Defense Defense
Bryan Little Mikkel Boedker Ilya Kovalchuk Jack Johnson Marc Staal
Last Minutes Defensive
Center Left Wing Right Wing Defense Defense
Bryan Little Mikkel Boedker Ilya Kovalchuk Jack Johnson Marc Staal
Goaltenders
Starting : Semyon Varlamov
Backup : Cam Ward
Extra Forwards
Normal : Luke Witkowski, James Van Riemsdyk, Vincent Trocheck - PP : Luke Witkowski, James Van Riemsdyk - PK : Vincent Trocheck
Extra Defensemen
Normal : Colten Teubert, Joel Edmundson, Erik Karlsson - PP : Colten Teubert - PK : Joel Edmundson, Erik Karlsson
Penalty Shots
Mikkel Boedker, Bryan Little, Ilya Kovalchuk, Charlie Coyle, Evgeny Dadonov
Scratches
Patric Hornqvist (Fractured Metatarsal (Right Foot) Injury)
Rangers
5 vs 5 Forward
Center Left Wing Right Wing Time % Phy DF OF
1 Sean Couturier Milan Lucic Ryan Strome 40 1 2 2
2 Patrice Bergeron Chris Bourque Steve Quailer 30 1 2 2
3 Tomas Hertl T.J Galiardi Devante Smith-Pelly 20 1 2 2
4 Artem Anisimov Magnus Paajarvi Richard Panik 10 1 2 2
5 vs 5 Defense
Defense Defense Time % Phy DF OF
1 Dmitry Kulikov Patrik Nemeth 40 1 2 2
2 Matt Delahey Brett Ponich 30 1 2 2
3 Morgan Ellis Derrick Pouliot 20 1 2 2
4 Dmitry Kulikov Patrik Nemeth 10 1 2 2
PowerPlay Forward
Center Left Wing Right Wing Time % Phy DF OF
1 Sean Couturier Milan Lucic Ryan Strome 60 1 2 2
2 Patrice Bergeron Chris Bourque Steve Quailer 40 1 2 2
PowerPlay Defense
Defense Defense Time % Phy DF OF
1 Dmitry Kulikov Patrik Nemeth 60 1 2 2
2 Matt Delahey Brett Ponich 40 1 2 2
Penalty Kill 4 Players Forward
Center Wing Time % Phy DF OF
1 Milan Lucic Sean Couturier 60 1 2 2
2 Patrice Bergeron Tomas Hertl 40 1 2 2
Penalty Kill 4 Players Defense
Defense Defense Time % Phy DF OF
1 Dmitry Kulikov Patrik Nemeth 60 1 2 2
2 Matt Delahey Brett Ponich 40 1 2 2
Penalty Kill - 3 Players Forward
Forward Time % Phy DF OF
1 Milan Lucic 60 1 2 2
2 Sean Couturier 40 1 2 2
Penalty Kill - 3 Players Defense
Defense Defense Time % Phy DF OF
1 Dmitry Kulikov Patrik Nemeth 60 1 2 2
2 Matt Delahey Brett Ponich 40 1 2 2
4 vs 4 Forward
Center Wing Time % Phy DF OF
1 Milan Lucic Sean Couturier 60 1 2 2
2 Patrice Bergeron Tomas Hertl 40 1 2 2
4 vs 4 Defense
Defense Defense Time % Phy DF OF
1 Dmitry Kulikov Patrik Nemeth 60 1 2 2
2 Matt Delahey Brett Ponich 40 1 2 2
Last Minutes Offensive
Center Left Wing Right Wing Defense Defense
Sean Couturier Milan Lucic Ryan Strome Dmitry Kulikov Patrik Nemeth
Last Minutes Defensive
Center Left Wing Right Wing Defense Defense
Sean Couturier Milan Lucic Ryan Strome Dmitry Kulikov Patrik Nemeth
Goaltenders
Starting : Frederik Andersen
Backup : Samuel Montembeault
Extra Forwards
Normal : Devante Smith-Pelly, Richard Panik, T.J Galiardi - PP : Devante Smith-Pelly, Richard Panik - PK : T.J Galiardi
Extra Defensemen
Normal : Morgan Ellis, Derrick Pouliot, Matt Delahey - PP : Morgan Ellis - PK : Derrick Pouliot, Matt Delahey
Penalty Shots
Milan Lucic, Sean Couturier, Patrice Bergeron, Tomas Hertl, Ryan Strome
Scratches
Jonas Brodin (Bruised Left Leg Injury), Luke Schenn (Sports Hernia Injury), Vince Dunn (Left Hip Injury)
% Time on Ice - Avalanche
Lines # - Real PCT - Wanted PCT - Time Play
Normal Forward
1 - 33% - 35% - 13:51
2 - 28% - 30% - 11:48
3 - 22% - 20% - 9:00
4 - 17% - 15% - 6:59
Normal Defense
1 - 37% - 35% - 15:12
2 - 35% - 35% - 14:44
3 - 28% - 30% - 11:42
4 - 0% - 0% - 0:00
PP Forward
1 - 51% - 60% - 3:05
2 - 49% - 40% - 2:58
PP Defense
1 - 56% - 60% - 3:24
2 - 44% - 40% - 2:39
PK Forward
1 - 70% - 60% - 6:42
2 - 30% - 40% - 2:49
PK Defense
1 - 55% - 60% - 5:16
2 - 45% - 40% - 4:15
PK3 Forward
1 - 0% - 60%
2 - 0% - 40%
PK3 Defense
1 - 0% - 60%
2 - 0% - 40%
44 Forward
1 - 68% - 60% - 1:17
2 - 32% - 40% - 0:36
44 Defense
1 - 60% - 60% - 1:08
2 - 40% - 40% - 0:45
Last Minute Offensive - 0:00
Last Minute Defensive - 0:55
Total
Forward - 60:00
Defense - 60:00
|
% Time on Ice - Rangers
Lines # - Real PCT - Wanted PCT - Time Play
Normal Forward
1 - 34% - 40% - 13:57
2 - 31% - 30% - 12:49
3 - 21% - 20% - 8:40
4 - 15% - 10% - 6:10
Normal Defense
1 - 44% - 40% - 18:17
2 - 36% - 30% - 15:00
3 - 20% - 20% - 8:19
4 - 0% - 10% - 0:00
PP Forward
1 - 52% - 60% - 4:59
2 - 48% - 40% - 4:32
PP Defense
1 - 61% - 60% - 5:46
2 - 39% - 40% - 3:45
PK Forward
1 - 71% - 60% - 4:18
2 - 29% - 40% - 1:45
PK Defense
1 - 74% - 60% - 4:28
2 - 26% - 40% - 1:35
PK3 Forward
1 - 0% - 60%
2 - 0% - 40%
PK3 Defense
1 - 0% - 60%
2 - 0% - 40%
44 Forward
1 - 66% - 60% - 1:15
2 - 34% - 40% - 0:38
44 Defense
1 - 63% - 60% - 1:11
2 - 37% - 40% - 0:42
Last Minute Offensive - 0:57
Last Minute Defensive - 0:00
Total
Forward - 60:00
Defense - 60:00
|
Play-by-Play
1st period
0:01 of 1st period - Bryan Little wins face-off versus Sean Couturier in neutral zone.
0:06 of 1st period - Backhand shot by Bryan Little.
0:06 of 1st period - Stopped by Frederik Andersen with a rebound.
2:13 of 1st period - Minor Penalty to Mattias Ekholm for Interference.
2:14 of 1st period - Charlie Coyle wins face-off versus Sean Couturier in Avalanche zone.
2:56 of 1st period - Luke Witkowski is hit by Chris Bourque and loses puck.
3:35 of 1st period - Icing by Matt Delahey.
3:36 of 1st period - Vincent Trocheck wins face-off versus Patrice Bergeron in Rangers zone.
4:13 of 1st period - Penalty to Mattias Ekholm is over, Mattias Ekholm is back on ice.
4:23 of 1st period - Ilya Kovalchuk is hit by Devante Smith-Pelly and loses puck.
6:01 of 1st period - Snap shot by Bryan Little.
6:01 of 1st period - Stopped by Frederik Andersen without a rebound.
6:02 of 1st period - Charlie Coyle wins face-off versus Sean Couturier in Rangers zone.
6:36 of 1st period - Wrist shot by Bryan Little.
6:36 of 1st period - Deflect By Mikkel Boedker.
6:36 of 1st period - Stopped by Frederik Andersen without a rebound.
6:37 of 1st period - Patrice Bergeron wins face-off versus Bryan Little in Rangers zone.
7:36 of 1st period - Snap shot by Bryan Little.
7:36 of 1st period - Deflect By Mikkel Boedker.
7:36 of 1st period - Shot Blocked by Patrice Bergeron.
7:36 of 1st period - Puck is out of play.
7:37 of 1st period - Vincent Trocheck wins face-off versus Sean Couturier in Rangers zone.
7:50 of 1st period - Snap shot by Pavel Buchnevich.
7:50 of 1st period - Stopped by Frederik Andersen with a rebound.
8:02 of 1st period - Patrik Nemeth is hit by Kyle Turris and loses puck.
8:33 of 1st period - Slapshot by Devante Smith-Pelly.
8:33 of 1st period - Shot Misses the Net.
8:35 of 1st period - Slapshot by Patrik Nemeth.
8:35 of 1st period - Stopped by Semyon Varlamov without a rebound.
8:36 of 1st period - Artem Anisimov wins face-off versus Vincent Trocheck in Avalanche zone.
8:41 of 1st period - Wrist shot by Artem Anisimov.
8:41 of 1st period - Shot Misses the Net.
9:01 of 1st period - Patrice Bergeron is hit by Joel Edmundson and loses puck.
9:30 of 1st period - Off-side.
9:31 of 1st period - Sean Couturier wins face-off versus Vincent Trocheck in neutral zone.
9:45 of 1st period - Snap shot by Sean Couturier.
9:45 of 1st period - Shot Misses the Net.
9:47 of 1st period - Slapshot by Dmitry Kulikov.
9:47 of 1st period - Shot Misses the Net.
9:59 of 1st period - Slapshot by Chris Bourque.
9:59 of 1st period - Stopped by Semyon Varlamov without a rebound.
10:00 of 1st period - Chris Bourque wins face-off versus Charlie Coyle in Avalanche zone.
10:01 of 1st period - Wrist shot by Steve Quailer.
10:01 of 1st period - Shot Misses the Net.
10:03 of 1st period - Slapshot by Morgan Ellis.
10:03 of 1st period - Stopped by Semyon Varlamov with a rebound.
10:05 of 1st period - Slapshot by Morgan Ellis.
10:05 of 1st period - Shot Blocked by Jack Johnson.
10:07 of 1st period - Slapshot by Morgan Ellis.
10:07 of 1st period - Shot Misses the Net.
10:09 of 1st period - Wrist shot by Steve Quailer.
10:09 of 1st period - Stopped by Semyon Varlamov without a rebound.
10:10 of 1st period - Bryan Little wins face-off versus Sean Couturier in Avalanche zone.
10:17 of 1st period - Slapshot by Mikkel Boedker.
10:17 of 1st period - Shot Blocked by Dmitry Kulikov.
10:23 of 1st period - Bryan Little is hit by Sean Couturier and loses puck.
10:36 of 1st period - Jack Johnson is hit by Patrik Nemeth and loses puck.
11:09 of 1st period - Charlie Coyle is hit by Brett Ponich and loses puck.
12:28 of 1st period - Kyle Turris is hit by Patrik Nemeth.
12:58 of 1st period - Joel Edmundson is hit by Ryan Strome and loses puck.
13:12 of 1st period - Minor Penalty to Morgan Ellis for Hooking.
13:13 of 1st period - Milan Lucic wins face-off versus Bryan Little in Rangers zone.
13:28 of 1st period - Off-side.
13:29 of 1st period - Bryan Little wins face-off versus Milan Lucic in neutral zone.
13:42 of 1st period - Slapshot by Erik Karlsson.
13:42 of 1st period - Shot Misses the Net.
15:12 of 1st period - Penalty to Morgan Ellis is over, Morgan Ellis is back on ice.
15:14 of 1st period - Wrist shot by T.J Galiardi.
15:14 of 1st period - Stopped by Semyon Varlamov with a rebound.
15:16 of 1st period - Snap shot by Chris Bourque.
15:16 of 1st period - Goal by Chris Bourque - Avalanche : 0 - Rangers : 1.
15:17 of 1st period - Sean Couturier wins face-off versus Bryan Little in neutral zone.
15:19 of 1st period - Milan Lucic is hit by Bryan Little and loses puck.
15:26 of 1st period - Snap shot by Sean Couturier.
15:26 of 1st period - Stopped by Semyon Varlamov without a rebound.
15:27 of 1st period - Bryan Little wins face-off versus Sean Couturier in Avalanche zone.
15:29 of 1st period - Minor Penalty to Colten Teubert for Delaying the game.
15:30 of 1st period - Sean Couturier wins face-off versus Charlie Coyle in Avalanche zone.
15:34 of 1st period - Slapshot by Sean Couturier.
15:34 of 1st period - Stopped by Semyon Varlamov without a rebound.
15:35 of 1st period - Charlie Coyle wins face-off versus Sean Couturier in Avalanche zone.
15:35 of 1st period - Charlie Coyle is hit by Milan Lucic.
15:53 of 1st period - Icing by Sean Couturier.
15:54 of 1st period - Sean Couturier wins face-off versus Charlie Coyle in Rangers zone.
17:29 of 1st period - Penalty to Colten Teubert is over, Colten Teubert is back on ice.
17:40 of 1st period - Slapshot by Magnus Paajarvi.
17:40 of 1st period - Deflect By Richard Panik.
17:40 of 1st period - Stopped by Semyon Varlamov without a rebound.
17:41 of 1st period - Bryan Little wins face-off versus Artem Anisimov in Avalanche zone.
17:55 of 1st period - Minor Penalty to Ilya Kovalchuk for Holding.
17:56 of 1st period - Charlie Coyle wins face-off versus Sean Couturier in Avalanche zone.
18:13 of 1st period - Snap shot by Milan Lucic.
18:13 of 1st period - Stopped by Semyon Varlamov with a rebound.
18:47 of 1st period - Mattias Ekholm is hit by Ryan Strome and loses puck.
19:55 of 1st period - Penalty to Ilya Kovalchuk is over, Ilya Kovalchuk is back on ice.
Goals for this period are 0 for Avalanche vs 1 for Rangers.
Shots for this period are 4 for Avalanche vs 10 for Rangers.
2nd period
0:01 of 2nd period - Bryan Little wins face-off versus Sean Couturier in neutral zone.
0:06 of 2nd period - Slapshot by Bryan Little.
0:06 of 2nd period - Shot Misses the Net.
0:08 of 2nd period - Wrist shot by Bryan Little.
0:08 of 2nd period - Stopped by Frederik Andersen without a rebound.
0:09 of 2nd period - Sean Couturier wins face-off versus Mikkel Boedker in Rangers zone.
0:36 of 2nd period - Slapshot by Bryan Little.
0:36 of 2nd period - Shot Misses the Net.
0:56 of 2nd period - Wrist shot by Ilya Kovalchuk.
0:56 of 2nd period - Deflect By Mikkel Boedker.
0:56 of 2nd period - Stopped by Frederik Andersen without a rebound.
0:57 of 2nd period - Patrice Bergeron wins face-off versus Charlie Coyle in Rangers zone.
1:27 of 2nd period - Snap shot by Pavel Buchnevich.
1:27 of 2nd period - Stopped by Frederik Andersen without a rebound.
1:28 of 2nd period - Vincent Trocheck wins face-off versus Tomas Hertl in Rangers zone.
1:29 of 2nd period - Snap shot by Tomas Fleischmann.
1:29 of 2nd period - Shot Misses the Net.
1:31 of 2nd period - Snap shot by Vincent Trocheck.
1:31 of 2nd period - Stopped by Frederik Andersen without a rebound.
1:32 of 2nd period - Ryan Strome wins face-off versus Vincent Trocheck in Rangers zone.
1:53 of 2nd period - Minor Penalty to Dmitry Kulikov for Interference.
1:54 of 2nd period - Bryan Little wins face-off versus Milan Lucic in Rangers zone.
3:19 of 2nd period - James Van Riemsdyk is hit by Patrik Nemeth and loses puck.
3:40 of 2nd period - Colten Teubert is hit by Patrice Bergeron and loses puck.
3:53 of 2nd period - Penalty to Dmitry Kulikov is over, Dmitry Kulikov is back on ice.
4:05 of 2nd period - Wrist shot by Tomas Fleischmann.
4:05 of 2nd period - Stopped by Frederik Andersen without a rebound.
4:06 of 2nd period - Patrice Bergeron wins face-off versus Vincent Trocheck in Rangers zone.
4:19 of 2nd period - Chris Bourque is hit by Marc Staal and loses puck.
4:38 of 2nd period - Snap shot by Patrice Bergeron.
4:38 of 2nd period - Stopped by Semyon Varlamov without a rebound.
4:39 of 2nd period - Tomas Hertl wins face-off versus Charlie Coyle in Avalanche zone.
4:50 of 2nd period - Wrist shot by Tomas Hertl.
4:50 of 2nd period - Shot Misses the Net.
4:54 of 2nd period - Wrist shot by Devante Smith-Pelly.
4:54 of 2nd period - Shot Misses the Net.
5:56 of 2nd period - Slapshot by Chris Bourque.
5:56 of 2nd period - Stopped by Semyon Varlamov with a rebound.
5:58 of 2nd period - Slapshot by Steve Quailer.
5:58 of 2nd period - Deflect By Patrice Bergeron.
5:58 of 2nd period - Shot Misses the Net.
5:58 of 2nd period - Puck is out of play.
5:59 of 2nd period - Charlie Coyle wins face-off versus Sean Couturier in Avalanche zone.
6:10 of 2nd period - Wrist shot by James Van Riemsdyk.
6:10 of 2nd period - Shot Blocked by Milan Lucic.
6:26 of 2nd period - Bryan Little is hit by Steve Quailer and loses puck.
6:31 of 2nd period - Snap shot by Chris Bourque.
6:31 of 2nd period - Shot Blocked by Joel Edmundson.
6:33 of 2nd period - Snap shot by Chris Bourque.
6:33 of 2nd period - Stopped by Semyon Varlamov with a rebound.
6:35 of 2nd period - Snap shot by Brett Ponich.
6:35 of 2nd period - Shot Blocked by Colten Teubert.
6:37 of 2nd period - Wrist shot by Steve Quailer.
6:37 of 2nd period - Stopped by Semyon Varlamov with a rebound.
6:56 of 2nd period - Minor Penalty to Colten Teubert for Hooking.
6:57 of 2nd period - Charlie Coyle wins face-off versus Sean Couturier in Avalanche zone.
7:35 of 2nd period - Icing by Steve Quailer.
7:36 of 2nd period - Patrice Bergeron wins face-off versus Charlie Coyle in Rangers zone.
7:41 of 2nd period - Wrist shot by Chris Bourque.
7:41 of 2nd period - Deflect By Steve Quailer.
7:41 of 2nd period - Shot Misses the Net.
7:41 of 2nd period - Puck is out of play.
7:42 of 2nd period - Sean Couturier wins face-off versus Charlie Coyle in Avalanche zone.
8:49 of 2nd period - Marc Staal is hit by Matt Delahey and loses puck.
8:56 of 2nd period - Penalty to Colten Teubert is over, Colten Teubert is back on ice.
9:06 of 2nd period - Bryan Little is hit by Matt Delahey and loses puck.
9:35 of 2nd period - Derrick Pouliot is hit by Pavel Buchnevich and loses puck.
9:46 of 2nd period - Ryan Strome is hit by Evgeny Dadonov and loses puck.
10:44 of 2nd period - Wrist shot by Vincent Trocheck.
10:44 of 2nd period - Deflect By Pavel Buchnevich.
10:44 of 2nd period - Shot Misses the Net.
10:44 of 2nd period - Puck is out of play.
10:45 of 2nd period - Bryan Little wins face-off versus Sean Couturier in Rangers zone.
10:58 of 2nd period - Snap shot by Ryan Strome.
10:58 of 2nd period - Stopped by Semyon Varlamov with a rebound.
11:12 of 2nd period - Matt Delahey is hit by James Van Riemsdyk and loses puck.
12:44 of 2nd period - Wrist shot by Pavel Buchnevich.
12:44 of 2nd period - Shot Misses the Net.
12:55 of 2nd period - Icing by Vincent Trocheck.
12:56 of 2nd period - Vincent Trocheck wins face-off versus Steve Quailer in Avalanche zone.
13:30 of 2nd period - Slapshot by Colten Teubert.
13:30 of 2nd period - Deflect By Mikkel Boedker.
13:30 of 2nd period - Shot Blocked by Morgan Ellis.
13:30 of 2nd period - Puck is out of play.
13:31 of 2nd period - Sean Couturier wins face-off versus Bryan Little in Rangers zone.
13:52 of 2nd period - Bryan Little is hit by Ryan Strome and loses puck.
14:23 of 2nd period - Snap shot by Bryan Little.
14:23 of 2nd period - Stopped by Frederik Andersen without a rebound.
14:24 of 2nd period - Charlie Coyle wins face-off versus Patrice Bergeron in Rangers zone.
14:33 of 2nd period - Charlie Coyle is hit by Chris Bourque and loses puck.
14:52 of 2nd period - Slapshot by T.J Galiardi.
14:52 of 2nd period - Stopped by Semyon Varlamov without a rebound.
14:53 of 2nd period - Tomas Hertl wins face-off versus Kyle Turris in Avalanche zone.
15:06 of 2nd period - Snap shot by Tomas Hertl.
15:06 of 2nd period - Stopped by Semyon Varlamov with a rebound.
15:08 of 2nd period - Wrist shot by T.J Galiardi.
15:08 of 2nd period - Stopped by Semyon Varlamov without a rebound.
15:09 of 2nd period - Sean Couturier wins face-off versus Charlie Coyle in Avalanche zone.
15:10 of 2nd period - Wrist shot by Ryan Strome.
15:10 of 2nd period - Stopped by Semyon Varlamov with a rebound.
15:36 of 2nd period - Steve Quailer is hit by Ilya Kovalchuk and loses puck.
15:46 of 2nd period - Wrist shot by Mikkel Boedker.
15:46 of 2nd period - Stopped by Frederik Andersen with a rebound.
15:48 of 2nd period - Wrist shot by Ilya Kovalchuk.
15:48 of 2nd period - Shot Blocked by Chris Bourque.
15:50 of 2nd period - Slapshot by Mattias Ekholm.
15:50 of 2nd period - Stopped by Frederik Andersen without a rebound.
15:51 of 2nd period - Sean Couturier wins face-off versus Kyle Turris in Rangers zone.
16:01 of 2nd period - Minor Penalty to Martin Samuelsson for Hooking.
16:02 of 2nd period - Sean Couturier wins face-off versus Charlie Coyle in Avalanche zone.
16:07 of 2nd period - Minor Penalty to Ryan Strome for Hooking.
16:08 of 2nd period - Mikkel Boedker wins face-off versus Milan Lucic in Rangers zone.
16:40 of 2nd period - Icing by Bryan Little.
16:41 of 2nd period - Mikkel Boedker wins face-off versus Milan Lucic in Avalanche zone.
16:41 of 2nd period - Mikkel Boedker is hit by Milan Lucic.
16:53 of 2nd period - Matt Delahey is hit by Bryan Little and loses puck.
17:16 of 2nd period - Wrist shot by Charlie Coyle.
17:16 of 2nd period - Stopped by Frederik Andersen with a rebound.
17:22 of 2nd period - Wrist shot by Charlie Coyle.
17:22 of 2nd period - Deflect By Ilya Kovalchuk.
17:22 of 2nd period - Shot Blocked by Matt Delahey.
17:22 of 2nd period - Puck is out of play.
17:23 of 2nd period - Milan Lucic wins face-off versus Mikkel Boedker in Rangers zone.
17:49 of 2nd period - Marc Staal is hit by Dmitry Kulikov and loses puck.
18:01 of 2nd period - Penalty to Martin Samuelsson is over, Martin Samuelsson is back on ice.
18:07 of 2nd period - Penalty to Ryan Strome is over, Ryan Strome is back on ice.
18:26 of 2nd period - Slapshot by Tomas Hertl.
18:26 of 2nd period - Shot Blocked by Jack Johnson.
19:08 of 2nd period - Snap shot by Charlie Coyle.
19:08 of 2nd period - Stopped by Frederik Andersen with a rebound.
19:15 of 2nd period - Wrist shot by Ilya Kovalchuk.
19:15 of 2nd period - Stopped by Frederik Andersen without a rebound.
19:16 of 2nd period - Artem Anisimov wins face-off versus Vincent Trocheck in Rangers zone.
19:41 of 2nd period - Joel Edmundson is hit by Sean Couturier.
19:45 of 2nd period - Sean Couturier is hit by Kyle Turris and loses puck.
Goals for this period are 0 for Avalanche vs 0 for Rangers.
Shots for this period are 11 for Avalanche vs 9 for Rangers.
3rd period
0:01 of 3rd period - Bryan Little wins face-off versus Sean Couturier in neutral zone.
0:04 of 3rd period - Sean Couturier is hit by Mikkel Boedker.
0:14 of 3rd period - Dmitry Kulikov is hit by Marc Staal and loses puck.
0:27 of 3rd period - Chris Bourque is hit by James Van Riemsdyk and loses puck.
0:36 of 3rd period - Snap shot by James Van Riemsdyk.
0:36 of 3rd period - Stopped by Frederik Andersen without a rebound.
0:37 of 3rd period - Bryan Little wins face-off versus T.J Galiardi in Rangers zone.
1:08 of 3rd period - Slapshot by T.J Galiardi.
1:08 of 3rd period - Shot Blocked by Jack Johnson.
1:10 of 3rd period - Snap shot by Tomas Hertl.
1:10 of 3rd period - Stopped by Semyon Varlamov with a rebound.
1:12 of 3rd period - Slapshot by Matt Delahey.
1:12 of 3rd period - Deflect By Tomas Fleischmann.
1:12 of 3rd period - Stopped by Semyon Varlamov with a rebound.
1:14 of 3rd period - Backhand shot by Brett Ponich.
1:14 of 3rd period - Deflect By Vincent Trocheck.
1:14 of 3rd period - Stopped by Semyon Varlamov without a rebound.
1:15 of 3rd period - Milan Lucic wins face-off versus Charlie Coyle in Avalanche zone.
1:46 of 3rd period - Slapshot by Dmitry Kulikov.
1:46 of 3rd period - Deflect By Steve Quailer.
1:46 of 3rd period - Stopped by Semyon Varlamov with a rebound.
1:48 of 3rd period - Slapshot by Patrik Nemeth.
1:48 of 3rd period - Deflect By Chris Bourque.
1:48 of 3rd period - Stopped by Semyon Varlamov without a rebound.
1:49 of 3rd period - Bryan Little wins face-off versus Chris Bourque in Avalanche zone.
2:46 of 3rd period - Wrist shot by Vincent Trocheck.
2:46 of 3rd period - Shot Misses the Net.
2:55 of 3rd period - Off-side.
2:56 of 3rd period - Artem Anisimov wins face-off versus Kyle Turris in neutral zone.
3:11 of 3rd period - Wrist shot by Magnus Paajarvi.
3:11 of 3rd period - Deflect By Richard Panik.
3:11 of 3rd period - Shot Misses the Net.
3:11 of 3rd period - Puck is out of play.
3:12 of 3rd period - Mikkel Boedker wins face-off versus Sean Couturier in Avalanche zone.
3:12 of 3rd period - Mikkel Boedker is hit by Dmitry Kulikov.
3:18 of 3rd period - Slapshot by Marc Staal.
3:18 of 3rd period - Shot Blocked by Dmitry Kulikov.
4:12 of 3rd period - Icing by Morgan Ellis.
4:13 of 3rd period - Bryan Little wins face-off versus Tomas Hertl in Rangers zone.
4:26 of 3rd period - Wrist shot by Bryan Little.
4:26 of 3rd period - Shot Misses the Net.
5:04 of 3rd period - Snap shot by Mikkel Boedker.
5:04 of 3rd period - Stopped by Frederik Andersen without a rebound.
5:05 of 3rd period - Sean Couturier wins face-off versus Charlie Coyle in Rangers zone.
5:07 of 3rd period - Minor Penalty to Dmitry Kulikov for Roughing.
5:08 of 3rd period - Milan Lucic wins face-off versus Charlie Coyle in Rangers zone.
6:03 of 3rd period - Slapshot by T.J Galiardi.
6:03 of 3rd period - Shot Blocked by Charlie Coyle.
7:07 of 3rd period - Penalty to Dmitry Kulikov is over, Dmitry Kulikov is back on ice.
7:15 of 3rd period - Snap shot by Luke Witkowski.
7:15 of 3rd period - Deflect By Dmitry Kulikov.
7:15 of 3rd period - Goal by Luke Witkowski - Avalanche : 1 - Rangers : 1.
7:16 of 3rd period - Sean Couturier wins face-off versus Bryan Little in neutral zone.
7:16 of 3rd period - Sean Couturier is hit by Mattias Ekholm.
7:20 of 3rd period - Snap shot by Derrick Pouliot.
7:20 of 3rd period - Stopped by Semyon Varlamov with a rebound.
8:19 of 3rd period - Wrist shot by Pavel Buchnevich.
8:19 of 3rd period - Deflect By Vincent Trocheck.
8:19 of 3rd period - Stopped by Frederik Andersen without a rebound.
8:20 of 3rd period - Charlie Coyle wins face-off versus Ryan Strome in Rangers zone.
8:25 of 3rd period - Snap shot by James Van Riemsdyk.
8:25 of 3rd period - Deflect By Evgeny Dadonov.
8:25 of 3rd period - Stopped by Frederik Andersen without a rebound.
8:26 of 3rd period - Sean Couturier wins face-off versus Evgeny Dadonov in Rangers zone.
8:26 of 3rd period - Sean Couturier is hit by James Van Riemsdyk.
9:01 of 3rd period - Backhand shot by Charlie Coyle.
9:01 of 3rd period - Goal by Charlie Coyle - Avalanche : 2 - Rangers : 1.
9:02 of 3rd period - Bryan Little wins face-off versus Patrice Bergeron in neutral zone.
9:18 of 3rd period - Wrist shot by Mikkel Boedker.
9:18 of 3rd period - Shot Misses the Net.
9:52 of 3rd period - Charlie Coyle is hit by Matt Delahey and loses puck.
9:58 of 3rd period - Jack Johnson is hit by Matt Delahey.
10:32 of 3rd period - Snap shot by Bryan Little.
10:32 of 3rd period - Shot Misses the Net.
10:52 of 3rd period - Wrist shot by Devante Smith-Pelly.
10:52 of 3rd period - Stopped by Semyon Varlamov without a rebound.
10:53 of 3rd period - Kyle Turris wins face-off versus Sean Couturier in Avalanche zone.
10:55 of 3rd period - Minor Penalty to Colten Teubert for High sticking.
10:56 of 3rd period - Charlie Coyle wins face-off versus Sean Couturier in Avalanche zone.
11:35 of 3rd period - Wrist shot by Milan Lucic.
11:35 of 3rd period - Stopped by Semyon Varlamov without a rebound.
11:36 of 3rd period - Patrice Bergeron wins face-off versus Charlie Coyle in Avalanche zone.
11:37 of 3rd period - Snap shot by Chris Bourque.
11:37 of 3rd period - Shot Blocked by Mattias Ekholm.
11:39 of 3rd period - Backhand shot by Brett Ponich.
11:39 of 3rd period - Deflect By Mattias Ekholm.
11:39 of 3rd period - Stopped by Semyon Varlamov without a rebound.
11:40 of 3rd period - Patrice Bergeron wins face-off versus Luke Witkowski in Avalanche zone.
12:22 of 3rd period - Slapshot by Chris Bourque.
12:22 of 3rd period - Shot Misses the Net.
12:24 of 3rd period - Wrist shot by Chris Bourque.
12:24 of 3rd period - Goal by Chris Bourque - Avalanche : 2 - Rangers : 2.
12:25 of 3rd period - Bryan Little wins face-off versus Sean Couturier in neutral zone.
12:28 of 3rd period - Slapshot by Jack Johnson.
12:28 of 3rd period - Deflect By Sean Couturier.
12:28 of 3rd period - Stopped by Frederik Andersen without a rebound.
12:29 of 3rd period - Bryan Little wins face-off versus Sean Couturier in Rangers zone.
12:42 of 3rd period - Snap shot by Bryan Little.
12:42 of 3rd period - Shot Blocked by Dmitry Kulikov.
12:44 of 3rd period - Wrist shot by Mikkel Boedker.
12:44 of 3rd period - Deflect By Bryan Little.
12:44 of 3rd period - Goal by Bryan Little - Avalanche : 3 - Rangers : 2.
12:45 of 3rd period - Bryan Little wins face-off versus Milan Lucic in neutral zone.
13:02 of 3rd period - Snap shot by Milan Lucic.
13:02 of 3rd period - Stopped by Semyon Varlamov without a rebound.
13:03 of 3rd period - Patrice Bergeron wins face-off versus Evgeny Dadonov in Avalanche zone.
13:33 of 3rd period - Slapshot by Jack Johnson.
13:33 of 3rd period - Stopped by Frederik Andersen with a rebound.
14:31 of 3rd period - Wrist shot by Chris Bourque.
14:31 of 3rd period - Stopped by Semyon Varlamov with a rebound.
14:49 of 3rd period - Wrist shot by Chris Bourque.
14:49 of 3rd period - Shot Misses the Net.
14:51 of 3rd period - Backhand shot by Patrice Bergeron.
14:51 of 3rd period - Shot Misses the Net.
14:53 of 3rd period - Slapshot by Patrik Nemeth.
14:53 of 3rd period - Stopped by Semyon Varlamov with a rebound.
14:55 of 3rd period - Snap shot by Steve Quailer.
14:55 of 3rd period - Stopped by Semyon Varlamov without a rebound.
14:56 of 3rd period - Bryan Little wins face-off versus Sean Couturier in Avalanche zone.
14:56 of 3rd period - Bryan Little is hit by Sean Couturier.
15:12 of 3rd period - Off-side.
15:13 of 3rd period - Vincent Trocheck wins face-off versus Tomas Hertl in neutral zone.
16:05 of 3rd period - Joel Edmundson is hit by Artem Anisimov and loses puck.
16:25 of 3rd period - Icing by Matt Delahey.
16:26 of 3rd period - Sean Couturier wins face-off versus Vincent Trocheck in Rangers zone.
16:37 of 3rd period - Tomas Fleischmann is hit by Milan Lucic and loses puck.
17:00 of 3rd period - Slapshot by Devante Smith-Pelly.
17:00 of 3rd period - Shot Misses the Net.
17:24 of 3rd period - Snap shot by Evgeny Dadonov.
17:24 of 3rd period - Shot Blocked by Richard Panik.
17:26 of 3rd period - Slapshot by James Van Riemsdyk.
17:26 of 3rd period - Stopped by Frederik Andersen with a rebound.
17:56 of 3rd period - Wrist shot by Chris Bourque.
17:56 of 3rd period - Stopped by Semyon Varlamov without a rebound.
17:57 of 3rd period - Vincent Trocheck wins face-off versus Patrice Bergeron in Avalanche zone.
18:06 of 3rd period - Snap shot by Vincent Trocheck.
18:06 of 3rd period - Shot Misses the Net.
18:08 of 3rd period - Wrist shot by Vincent Trocheck.
18:08 of 3rd period - Stopped by Frederik Andersen with a rebound.
18:10 of 3rd period - Wrist shot by Tomas Fleischmann.
18:10 of 3rd period - Shot Blocked by Dmitry Kulikov.
18:12 of 3rd period - Slapshot by Colten Teubert.
18:12 of 3rd period - Stopped by Frederik Andersen without a rebound.
18:13 of 3rd period - Kyle Turris wins face-off versus Tomas Hertl in Rangers zone.
18:45 of 3rd period - Rangers, Frederik Andersen is pulled from the net.
18:57 of 3rd period - Wrist shot by Magnus Paajarvi.
18:57 of 3rd period - Shot Blocked by Mattias Ekholm.
19:04 of 3rd period - Off-side.
19:05 of 3rd period - Michel Therrien call a timeout for Rangers.
19:05 of 3rd period - Bryan Little wins face-off versus Ryan Strome in neutral zone.
19:08 of 3rd period - Dmitry Kulikov is hit by Bryan Little and loses puck.
19:19 of 3rd period - Jack Johnson is hit by Milan Lucic and loses puck.
Goals for this period are 3 for Avalanche vs 1 for Rangers.
Shots for this period are 12 for Avalanche vs 15 for Rangers.